 Dungeon Crawl Stone Soup version 0.23.0-3-gf3c87f2 (webtiles) character file.

Game seed: 607742672459839894

45 misha the Poker (level 3, -6/28 HPs)
             Began as a Merfolk Gladiator on Feb 22, 2019.
             Killed from afar by a white imp (8 damage)
             ... with a puff of frost
             ... summoned by Natasha
             ... on level 2 of the Dungeon.
             The game lasted 00:05:08 (1232 turns).

misha the Poker (Merfolk Gladiator)                 Turns: 1232, Time: 00:05:09

Health: -6/28      AC:  1    Str: 15    XL:     3   Next: 64%
Magic:  3/3        EV: 15    Int:  7    God:
Gold:   35         SH:  0    Dex: 15    Spells: 2/2 levels left

rFire    . . .     SeeInvis .   b - +3 dagger
rCold    . . .     Gourm    .   (no shield)
rNeg     . . .     Faith    .   e - -2 robe (curse)
rPois    .         Spirit   .   c - +0 helmet
rElec    .         Reflect  .   (no cloak)
rCorr    .         Harm     .   (no gloves)
MR       .....                  (no boots)
Stlth    +.........             (no amulet)
HPRegen  0.09/turn              (no ring)
MPRegen  0.08/turn              (no ring)

@: no status effects
A: change form in water, swift swim, stealthy swim
a: no special abilities


You were on level 2 of the Dungeon.
You were very hungry.

You visited 1 branch of the dungeon, and saw 2 of its levels.

You collected 35 gold pieces.

Inventory:

Hand Weapons
 a - a +0 trident
 b - a +3 dagger (weapon)
Missiles
 d - 2 throwing nets (quivered)
 g - 54 stones
 h - 22 bolts
Armour
 c - a +0 helmet (worn)
 e - a cursed -2 robe (worn)
 m - a +0 leather armour
Jewellery
 n - a cursed ring of attention {unknown}
Scrolls
 i - 2 scrolls of remove curse {unknown}
 j - a scroll of magic mapping
 l - a scroll of immolation
 o - a scroll of enchant weapon {unknown}
Potions
 k - a potion of haste {unknown}
Comestibles
 f - 2 rations


   Skills:
 + Level 2.7 Fighting
 + Level 5.2 Polearms
 + Level 2.2 Throwing
 + Level 0.1 Armour
 + Level 4.7 Dodging
 + Level 0.2 Stealth


You had 2 spell levels left.
You didn't know any spells.
Your spell library was empty.

Dungeon Overview and Level Annotations

Branches:
Dungeon (2/15)

Altars:
Xom

Annotations:
D:2 Natasha


Message History

Natasha is moderately wounded.
The white imp closely misses you.
Natasha struggles against the net.
You are too injured to fight recklessly!
You are too injured to fight recklessly!
You are too injured to fight recklessly!
You are too injured to fight recklessly!
You hit Natasha.
Natasha is heavily wounded.
The white imp misses you.
Natasha struggles against the net.
You are too injured to fight recklessly!
You hit Natasha.
Natasha is severely wounded.
Natasha struggles against the net.
The white imp closely misses you.
Natasha stares at you and mumbles some strange words.
You resist with significant effort.
Natasha struggles against the net.
You hit Natasha.
Natasha is almost dead.
The white imp gestures at you. The puff of frost hits you!
You die...

#...# ##....... ###
#...# ##........
....
#...###.........
#..##.......#.......
#.........##.......
####w..............
#......#.#......
####......._.......
#.@hw.....#.#......
#..5....[...#......
#.............[$...
#..................
#####.....#####.#..
#...## ###.. ####


You could see a worm, Natasha (caught) and a white imp.

Vanquished Creatures
  An ooze (D:1)
  A leopard gecko (D:1)
  3 giant cockroaches
  4 goblins (D:1)
  8 hobgoblins
  A ball python (D:1)
  6 bats
  4 frilled lizards (D:1)
  5 kobolds (D:1)
  4 rats
37 creatures vanquished.

Notes
Turn   | Place    | Note
-------+----------+-------------------------------------------
     0 | D:1      | misha the Merfolk Gladiator began the quest for the Orb.
     0 | D:1      | Reached XP level 1. HP: 16/16 MP: 1/1
    62 | D:1      | Reached XP level 2. HP: 12/22 MP: 2/2
   475 | D:1      | Reached skill level 5 in Polearms
   475 | D:1      | Reached XP level 3. HP: 18/28 MP: 3/3
  1162 | D:2      | Found a shimmering altar of Xom.
  1220 | D:2      | Noticed Natasha
  1222 | D:2      | HP: 1/28 [Natasha/magic dart (9)]
  1232 | D:2      | Killed from afar by a white imp

Skill      XL: |  1  2 |
---------------+-------+-----
Polearms       | 5 |  5.2
Fighting       | |  2.7
Throwing       | |  2.2
Armour         | |  0.1
Dodging        | |  4.7
Stealth        | |  0.2

Action                   || total
-------------------------++-------
Melee: Trident           ||    90
       Dagger            ||    18
Throw: Throwing net      ||     1
  Use: Scroll            ||     2
 Stab: Sleeping          ||     3
Armor: Leather armour    ||    12
       Robe              ||     6
Dodge: Dodged            ||   115
